 Dungeon Crawl Stone Soup version 0.19.1 (webtiles) character file.

88 KingBobo974 the Chopper (level 4, 0/41 HPs)
             Began as a Minotaur Berserker on Dec 10, 2016.
             Was a Believer of Trog.
             Slain by an adder (3 damage)
             ... on level 2 of the Dungeon.
             The game lasted 00:03:52 (987 turns).

KingBobo974 the Chopper (Minotaur Berserker)         Turns: 987, Time: 00:03:52

Health: 0/41       AC:  4    Str: 23    XL:     4   Next: 30%
Magic:  3/3        EV:  7    Int:  4    God:    Trog [**....]
Gold:   69         SH: 12    Dex:  9    Spells: 0 memorised, 3 levels left

rFire  . . .     SeeInvis .     d - -1 whip (curse)
rCold  . . .     Gourm    .     n - +2 robe {MR+}
rNeg   . . .     Faith    .     h - +0 large shield (curse)
rPois  .         Spirit   .     (helmet restricted)
rElec  .         Reflect  .     (no cloak)
rCorr  .         Harm     .     (no gloves)
MR     +....                    (no boots)
Stlth  +.........               (no amulet)
                                (no ring)
                                (no ring)

@: lethally poisoned (0 -> -11)
A: retaliatory headbutt, horns 2
a: Berserk, Trog's Hand, Burn Spellbooks, Renounce Religion


You were on level 2 of the Dungeon.
You worshipped Trog.
Trog was pleased with you.
You were not hungry.

You visited 1 branch of the dungeon, and saw 2 of its levels.

You collected 69 gold pieces.

Inventory:

Hand Weapons
 a - a +0 hand axe
 d - a cursed -1 whip (weapon)
Armour
 b - a +0 animal skin
 h - a cursed +0 large shield (worn)
 i - a +0 leather armour
 n - a +2 robe of magic resistance (worn)
Scrolls
 e - 2 scrolls of random uselessness {unknown}
 m - a scroll of remove curse {unknown}
 p - a scroll of enchant armour {unknown}
Potions
 g - a potion of beneficial mutation {unknown}
 k - a potion of curing {unknown}
 o - a potion of heal wounds {unknown}
Comestibles
 c - a bread ration
 f - a meat ration
 j - 3 fruits
 l - a slice of pizza


   Skills:
 + Level 4.5 Fighting
 * Level 5.0 Axes
 + Level 3.4 Armour
 - Level 2.1 Dodging


You had 3 spell levels left.
You didn't know any spells.

Dungeon Overview and Level Annotations

Branches:
Dungeon (2/15)

Altars:


Innate Abilities, Weirdness & Mutations

You reflexively headbutt those who attack you in melee.
You have a pair of horns on your head.


Message History

You barely miss the adder.
The adder is almost dead.
* * * LOW HITPOINT WARNING * * *
You feel sick. You block the adder's attack. x2
You closely miss the adder.
The adder is almost dead.
* * * LOW HITPOINT WARNING * * *
You feel sick. The adder bites you.
* * * LOW HITPOINT WARNING * * *
You are more poisoned.
The adder poisons you!
Your shield prevents you from hitting the adder.
The adder is almost dead.
* * * LOW HITPOINT WARNING * * *
You feel sick. The adder closely misses you. You block the adder's attack.
You miss the adder. Your headbutt misses the adder.
The adder is almost dead.
* * * LOW HITPOINT WARNING * * *
You feel sick. The adder bites you.
You die...

..# ...###.......#
.##.##.#.......#.#
.#.....#.....#.#
.............# ###
..####..#'##.# ..#
........#.##.# #.#
#..###.##....###.#
....##.#......##S#
....##.#......##@##.#
... #.#......'.....#
... #.#......#.#####
... #.......... ...
#........#.# ...
#........#... ...
#######... #.# ####.
.# .. #


You could see an adder.

Vanquished Creatures
  Jessica (D:2)
  3 adders (D:2)
  2 ball pythons (D:1)
  2 giant cockroaches
  4 goblins (D:1)
  2 hobgoblins
  10 jackals
  A quokka (D:2)
  4 bats
  A frilled lizard (D:1)
  A kobold (D:1)
  A rat (D:1)
32 creatures vanquished.

Notes
Turn   | Place    | Note
-------+----------+-------------------------------------------
     0 | D:1      | KingBobo974 the Minotaur Berserker began the quest for the Orb.
     0 | D:1      | Reached XP level 1. HP: 19/19 MP: 0/0
    82 | D:1      | Reached skill level 4 in Axes
    83 | D:1      | Reached XP level 2. HP: 22/27 MP: 1/1
   248 | D:1      | Reached ** piety under Trog
   736 | D:2      | Reached XP level 3. HP: 33/33 MP: 2/2
   844 | D:2      | Noticed Jessica
   848 | D:2      | Killed Jessica
   848 | D:2      | Reached skill level 5 in Axes
   848 | D:2      | Reached XP level 4. HP: 21/41 MP: 3/3
   987 | D:2      | Slain by an adder

Skill      XL: |  1  2  3 |
---------------+----------+-----
Axes           | 4 5 |  5.0
Fighting       | 4 |  4.5
Armour         | 3 |  3.4
Dodging        | |  2.1

Action                   |  1- 3 |  4- 6 || total
-------------------------+-------+-------++-------
Melee: Hand axe          |    12 |       ||    12
       Whip              |    65 |    24 ||    89
       Headbutt          |    12 |     2 ||    14
  Use: Scroll            |     2 |       ||     2
Armor: Animal skin       |    15 |       ||    15
       Leather armour    |     8 |       ||     8
       Robe              |       |     3 ||     3
Dodge: Dodged            |    39 |     4 ||    43
Block: Large shield      |    30 |    17 ||    47
